 Dungeon Crawl Stone Soup version 0.29.1-2-gbd0b4ee654 (webtiles) character file.

Game seed: 11586459192633143886

2356 xian the Chopper (level 9, -7/75 HPs)
             Began as a Yellow Draconian Berserker on Nov 22, 2022.
             Was a Priest of Trog.
             Killed from afar by an electric eel (13 damage)
             ... with a bolt of electricity
             ... on level 6 of the Dungeon.
             The game lasted 00:14:31 (7792 turns).

xian the Chopper (Yellow Draconian Berserker)       Turns: 7792, Time: 00:14:32

Health: -7/75      AC:  9    Str: 30    XL:     9   Next: 20%
Magic:  9/9        EV: 10    Int:  7    God:    Trog [***...]
Gold:   1329       SH: 14    Dex: 11    Spells: 8/8 levels left

rFire   . . .      SeeInvis .   a - +0 hand axe
rCold   + . .      Faith    .   c - +1 tower shield
rNeg    . . .      Spirit   .   (body armour unavailable)
rPois   .          Reflect  .   (helmet restricted)
rElec   .          Harm     .   (no cloak)
rCorr   +          Rampage  +   (no gloves)
Will    .....                   n - +1 pair of boots {rampage}
Stlth   ++........              (no amulet)
HPRegen 0.22/turn               e - +6 ring of strength
MPRegen 0.11/turn               t - ring of protection from cold

@: no status effects
A: spit acid, AC +7, unfitting armour, cold-blooded, acid resistance
a: Breathe Acid, Renounce Religion, Berserk, Trog's Hand


You were on level 6 of the Dungeon.
You worshipped Trog.
Trog was most pleased with you.
You visited 1 branch of the dungeon, and saw 6 of its levels.
You also visited: Sewer.

You collected 1329 gold pieces.

Inventory:

Hand Weapons
 a - a +0 hand axe (weapon)
Missiles
 q - 6 poisoned darts (quivered)
 v - 4 curare-tipped darts
 H - 4 javelins
Armour
 c - a +1 tower shield (worn)
 n - a +1 pair of boots of rampaging (worn)
Jewellery
 e - a +6 ring of strength (left hand)
 o - a +6 ring of intelligence
 t - a ring of protection from cold (right hand)
 y - a ring of wizardry
 B - an amulet of faith
 E - a ring of fire
Wands
 s - a wand of flame (65)
 D - a wand of iceblast (12)
 F - a wand of mindburst (14)
Scrolls
 f - a scroll of poison
 g - a scroll of brand weapon
 j - 2 scrolls of blinking
 m - 3 scrolls of teleportation
 w - a scroll of vulnerability
 x - a scroll of enchant weapon
 z - 2 scrolls of fear {unknown}
 A - 2 scrolls of amnesia {unknown}
Potions
 b - a potion of brilliance {unknown}
 d - 2 potions of lignification
 h - 2 potions of curing
 i - 4 potions of magic {unknown}
 k - 2 potions of haste
 l - 7 potions of heal wounds {unknown}
 p - a potion of degeneration {unknown}
 r - 3 potions of might
 u - a potion of mutation {unknown}
 C - 2 potions of resistance {unknown}
 G - a potion of attraction {unknown}


   Skills:
 + Level 5.6 Fighting
 + Level 7.9 Axes
 + Level 0.3 Throwing
 + Level 5.6 Dodging
 + Level 3.2 Stealth
 + Level 6.0 Shields


You had 8 spell levels left.
You didn't know any spells.
Your spell library contained the following spells:

 Spells                   Type           Power      Damage    Failure   Level
 Foxfire                  Conj/Fire      0%         2x1d4     99%         1
 Shock                    Conj/Air       0%         1d3       99%         1
 Summon Small Mammal      Summ           0%         N/A       99%         1
 Call Canine Familiar     Summ           0%         N/A       100%        3
 Conjure Flame            Conj/Fire      0%         6-21      100%        3
 Inner Flame              Hex/Fire       0%         N/A       100%        3
 Summon Guardian Golem    Hex/Summ       0%         N/A       100%        3
 Swiftness                Air            0%         N/A       100%        3
 Airstrike                Air            0%         2d(0-16)  100%        4
 Flame Wave               Conj/Fire      0%         2d4       100%        4


Dungeon Overview and Level Annotations

Branches:
Dungeon (6/15)             Temple (0/1) D:5           Sewer (visited)

Altars:
Elyvilon
Nemelex Xobeh
Qazlal
Yredelemnul


Innate Abilities, Weirdness & Mutations

You can spit globs of acid.
Your golden yellow scales are hard. (AC +7)
You cannot fit into any form of body armour.
You are cold-blooded and may be slowed by cold attacks.
You are resistant to acid. (rCorr)


Message History

The electric eel shoots out a bolt of lightning at you!
The bolt of electricity misses you. The bolt of electricity hits you!
Unknown command.
You barely miss the electric eel.
The electric eel shoots out a bolt of lightning at you!
The bolt of electricity hits you! x2
* * * LOW HITPOINT WARNING * * *
Unknown command.
Blink to where?
Press: ? - help, Dir - move target
As you read the scroll of blinking, it crumbles to dust.
You enter the shallow water.
Moving in this stuff is going to be slow.
You start resting.
HP restored.
The electric eel shoots out a bolt of lightning at you!
The bolt of electricity misses you.
There is an open door here.
You rampage towards the electric eel!
The electric eel shoots out a bolt of lightning at you!
The bolt of electricity hits the electric eel.
The electric eel completely resists.
The bolt of electricity hits you.
The electric eel shoots out a bolt of lightning at you!
The bolt of electricity hits you! x2
You miss the electric eel.
Your tail-slap misses the electric eel.
The electric eel shoots out a bolt of lightning at you!
The bolt of electricity hits the electric eel.
The electric eel completely resists.
The bolt of electricity hits you!
The electric eel shoots out a bolt of lightning at you!
The bolt of electricity hits you. The bolt of electricity hits you!
You barely miss the electric eel.
The electric eel shoots out a bolt of lightning at you!
The bolt of electricity hits the electric eel.
The electric eel completely resists.
The bolt of electricity hits you!
* * * LOW HITPOINT WARNING * * *
The electric eel shoots out a bolt of lightning at you!
The bolt of electricity hits you!
* * * LOW HITPOINT WARNING * * *
The bolt of electricity hits you!
You die...

.....#.#
#.########........
#.####.# ..
.P~.≈##'#.#### #.#
#.# .# .PP?S≈#.#.#
#.## #.# .#
..~.!S#.#.#
...###.# ##~#
..P(≈S#.#.#
.......# #[~#
.~[~≈##~#.#
.......#
##.##########~##.#
.......#
#..#...~.≈##~###.#
...#.#.#
#.#'@.SS~≈≈#.# #.#
...#.#.#
#~#....~[[≈#.#
####.#.#
#~#...P..S≈#÷#
#.#.#
#~##....(≈##.#
#.#.#
##.########.##
####.#.#
##...~~~~~##
.....#.#
##########
######.# #<#


You could see 3 electric eels.

Vanquished Creatures
  Maggie (D:6)
  A troll (D:6)
  Sigmund (D:3)
  Duvessa (D:5)
  Pargi (Sewer)
  A sky beast (D:6)
  A black bear (D:6)
  An ogre (D:5)
  A phantom (D:6)
  The ghost of Icepheonix32 the Insei, an amateur OpTm (D:4)
  A bullfrog (D:4)
  3 necrophages
  2 scorpions
  Dowan (D:5)
  2 jellies
  3 orc priests (D:4)
  A gnoll bouda (D:5)
  2 hounds
  2 iguanas (D:4)
  3 orc wizards
  Robin (D:3)
  7 gnolls (D:5)
  7 adders
  3 white imps
  3 ufetubi
  A worm (D:2)
  4 dart slugs
  8 orcs
  6 bats
  6 endoplasms
  14 giant cockroaches
  7 goblins
  5 hobgoblins
  8 jackals
  4 quokkas
  10 ball pythons
  5 frilled lizards
  7 kobolds
  8 rats
144 creatures vanquished.

Vanquished Creatures (others)
  A hobgoblin (D:3)
  3 plants
4 creatures vanquished.

Grand Total: 148 creatures vanquished

Notes
Turn   | Place    | Note
-------+----------+-------------------------------------------
     0 | D:1      | xian the Draconian Berserker began the quest for the Orb.
     0 | D:1      | Reached XP level 1. HP: 19/19 MP: 1/1
   312 | D:1      | Reached XP level 2. HP: 26/26 MP: 2/2
   567 | D:1      | Found a faded altar of an unknown god.
   729 | D:2      | Reached ** piety under Trog
   757 | D:2      | Reached XP level 3. HP: 31/31 MP: 3/3
   867 | D:2      | Reached skill level 1 in Shields
  1448 | D:2      | Reached XP level 4. HP: 34/40 MP: 4/4
  1739 | D:3      | Noticed Robin
  1745 | D:3      | Reached skill level 4 in Axes
  1750 | D:3      | Killed Robin
  1986 | D:3      | Noticed Sigmund
  2007 | D:3      | Killed Sigmund
  2008 | D:3      | Reached skill level 5 in Axes
  2008 | D:3      | Reached skill level 1 in Stealth
  2008 | D:3      | Reached XP level 5. HP: 46/46 MP: 5/5
  2008 | D:3      | Reached XP level 6. HP: 52/52 MP: 6/6
  2189 | D:3      | Found a faded altar of an unknown god.
  2197 | D:3      | Found a stormy altar of Qazlal.
  3027 | D:4      | Reached *** piety under Trog
  3162 | D:4      | Found a glowing drain.
  3167 | Sewer    | Entered a sewer
  3180 | Sewer    | Noticed Pargi
  3185 | Sewer    | Killed Pargi
  3483 | D:4      | HP: 2/52 [acid (10)]
  3904 | D:4      | Your scales start taking on a golden yellow colour.
  3904 | D:4      | Reached XP level 7. HP: 58/59 MP: 7/7
  3904 | D:4      | Gained mutation: You are resistant to acid. (rCorr) [Yellow
                  | Draconian growth]
  3996 | D:4      | Found a runed translucent door.
  3998 | D:4      | Noticed Icepheonix32's ghost (amateur OpTm)
  4020 | D:4      | Killed Icepheonix32's ghost
  4110 | D:4      | Reached skill level 6 in Axes
  4554 | D:4      | Found a sparkling altar of Nemelex Xobeh.
  4829 | D:5      | Entered Level 5 of the Dungeon
  4831 | D:5      | Noticed Duvessa
  4831 | D:5      | Noticed Dowan
  4843 | D:5      | Killed Duvessa
  4844 | D:5      | Reached XP level 8. HP: 67/67 MP: 8/8
  4846 | D:5      | Killed Dowan
  5033 | D:5      | Identified the +4 ring mail of Hairiness {Will- rCorr Str+3
                  | Int+6}
  5507 | D:5      | Found a basalt altar of Yredelemnul.
  5554 | D:5      | Reached skill level 5 in Dodging
  5663 | D:5      | Found a white marble altar of Elyvilon.
  5877 | D:5      | Found a staircase to the Ecumenical Temple.
  5972 | D:6      | Reached skill level 7 in Axes
  5985 | D:6      | Identified a scroll of acquirement
  5997 | D:6      | Acquired 1005 gold pieces
  6051 | D:6      | Reached skill level 5 in Fighting
  6051 | D:6      | Reached skill level 5 in Shields
  6265 | D:6      | Noticed Maggie
  6277 | D:6      | Killed Maggie
  6927 | D:6      | Reached XP level 9. HP: 8/74 MP: 9/9
  7451 | D:6      | Noticed a troll
  7464 | D:6      | Killed a troll
  7792 | D:6      | Killed from afar by an electric eel

Illustrated notes

Levels and vault maps discovered:
D:1:      grunt_arrival_lava_bath, layout_basic,
          shapermc_ecumenical_altar_mp_ritualfount
D:2:      minmay_roachtagon, layout_loops_ring, minmay_misc_feat_chi
D:3:      layout_basic, nicolae_overflow_ecumenical_swirl, minivault_11,
          uniq_robin, uniq_sigmund
D:4:      cheibrodos_quashed, layout_cave_pods, nemelex_diamond_rough_becter,
          gup_sewer_entry_bowl, ebering_ghost_sewer_d,
          hangedman_abyss_or_decor_passed, minmay_hedge_maze
D:5:      layout_basic, kennysheep_ying_yang, lemuel_temple_firewalk_b,
          uniq_duvessa
D:6:      cheibrodos_two_vegetables, layout_basic, uniq_maggie

Skill      XL: |  1  2  3  4  5  6  7  8  9 |
---------------+----------------------------+-----
Dodging        | 3 4 5 |  5.6
Shields        | 1 2 3 4 5 6 |  6.0
Axes           | 5 6 7 |  7.9
Fighting       | 4 5 |  5.6
Stealth        | 1 2 3 |  3.2
Throwing       | |  0.3

Action                   |  1- 3 |  4- 6 |  7- 9 || total
-------------------------+-------+-------+-------++-------
Melee: Hand axe          |   110 |   132 |   214 ||   456
       Tailslap          |    14 |    14 |    33 ||    61
Throw: Dart              |       |     1 |     3 ||     4
Invok: Berserk           |     2 |     3 |     8 ||    13
 Abil: Breathe Acid      |       |       |     4 ||     4
  Use: Scroll            |     1 |     4 |     7 ||    12
       Potion            |       |     2 |       ||     2
 Stab: Sleeping          |       |     4 |     2 ||     6
Armor: Skin              |    57 |    54 |    79 ||   190
Dodge: Dodged            |    56 |    53 |    68 ||   177
Block: Tower shield      |    78 |   103 |   144 ||   325
